 Dungeon Crawl Stone Soup version 0.20-a0-1043-gbd57889 (webtiles) character file.

102 Gorglomux the Chopper (level 4, 0/58 HPs)
             Began as a Hill Orc Berserker on Apr 24, 2017.
             Was a Believer of Trog.
             Killed from afar by derval's ghost (3 damage)
             ... with a magic dart
             ... on level 4 of the Dungeon.
             The game lasted 00:02:21 (1535 turns).

Gorglomux the Chopper (Hill Orc Berserker)          Turns: 1535, Time: 00:02:22

Health: 0/58       AC:  5    Str: 21 (24) XL:     4   Next: 77%
Magic:  4/4        EV: 11    Int:  9 (12) God:    Trog [**....]
Gold:   123        SH:  2    Dex: 10 (11) Spells: 3/3 levels left

rFire    . . .     SeeInvis .   a - +0 hand axe
rCold    . . .     Gourm    .   (no shield)
rNeg     . . .     Faith    .   d - +0 leather armour
rPois    .         Spirit   .   (no helmet)
rElec    .         Reflect  +   e - +0 cloak
rCorr    .         Harm     .   q - +0 pair of gloves
MR       .....                  (no boots)
Stlth    ..........             t - +2 amulet of reflection
Regen    0.2/turn               u - ring of loudness (curse) {Stlth-}
MPRegen  0.1/turn               (no ring)

@: brilliant, berserking (expiring), flying, very quick
A: no striking features
a: Berserk, Trog's Hand, Burn Spellbooks, Renounce Religion


You were on level 4 of the Dungeon.
You worshipped Trog.
Trog was pleased with you.
You were very hungry.

You visited 1 branch of the dungeon, and saw 4 of its levels.

You collected 123 gold pieces.

Inventory:

Hand Weapons
 a - a +0 hand axe (weapon)
Armour
 d - a +0 leather armour (worn)
   (You found it on level 1 of the Dungeon)
 e - a +0 cloak (worn)
   (You found it on level 1 of the Dungeon)
 q - a +0 pair of gloves (worn)
   (You found it on level 2 of the Dungeon)
Jewellery
 t - a +2 amulet of reflection (around neck)
   (You found it on level 2 of the Dungeon)
 u - a cursed ring of loudness (left hand) {Stlth-}
   (You found it on level 2 of the Dungeon)
 w - an uncursed amulet of harm {unknown}
   (You found it on level 3 of the Dungeon)
 z - a cursed ring of teleportation {unknown}
   (You found it on level 3 of the Dungeon)
Wands
 k - a wand of paralysis (2/24)
   (You found it on level 2 of the Dungeon)
Scrolls
 h - a scroll of enchant weapon {unknown}
 i - 6 scrolls of immolation {unknown}
 l - a scroll of amnesia {unknown}
 m - a scroll of enchant armour {unknown}
 o - 2 scrolls of identify {unknown}
 p - 2 scrolls of magic mapping {unknown}
 r - 2 scrolls of random uselessness {unknown}
 x - a scroll of blinking {unknown}
 y - 2 scrolls of teleportation {unknown}
Comestibles
 c - 2 bread rations {@e1@e1}
 f - a royal jelly
 j - 2 meat rations {@e2@e2}
 n - a chunk of flesh {@w0@w0}


   Skills:
 - Level 3.6 Fighting
 + Level 7.0 Axes
 - Level 2.1 Armour
 - Level 1.5 Dodging


You had 3 spell levels left.
You didn't know any spells.

Dungeon Overview and Level Annotations

Branches:
Dungeon (3/15)

Altars:

Annotations:
D:4 derval's ghost, amateur DECj


Message History

There are monsters nearby!
You hit the orc. The orc barely misses you.
Unknown command.
You hit the orc.
You kill the orc!
Trog accepts your kill.
An iguana is nearby!
The iguana barely misses you. The iguana bites you!
Items here: $ ( ) [ † a mace; a scale mail; 6 gold pieces; a tomahawk; an orc corpse Unknown command.
You take 8 damage, and have 30/39 hp.
MASSIVE DAMAGE!!
You hit the iguana but do no damage. The iguana bites you!
You take 11 damage, and have 19/39 hp.
MASSIVE DAMAGE!!
You are too injured to fight recklessly!
Unknown command.
The iguana closely misses you. The iguana bites you!
* * * LOW HITPOINT WARNING * * *
You take 10 damage, and have 9/39 hp.
MASSIVE DAMAGE!!
There is a shaft here.
You fall through a shaft!
The shaft crumbles and collapses.
You start resting.
You feel yourself speed up.
You regained 2 hp, and now have 11/39 hp.
You start resting.
Derval's ghost (amateur Deep Elf Conjurer) comes into view.
Derval's ghost is nearby!
Derval's ghost turns its malevolent gaze towards you.
Here: derval's ghost The floor.
Your skin crawls.
You feel resistant to hostile enchantments.
You feel quite a bit more hungry. Derval's ghost casts a spell at you.
The magic dart hits you!
* * * LOW HITPOINT WARNING * * *
You take 2 damage, and have 9/39 hp.
Derval's ghost points at you and mumbles some strange words.
The magic dart hits you!
* * * LOW HITPOINT WARNING * * *
You take 8 damage, and have 1/39 hp.
MASSIVE DAMAGE!!
It was a potion of flight.
You feel very buoyant.
You fly up into the air.
You regained 2 hp, and now have 3/39 hp.
It was a potion of degeneration.
There was something very wrong with that liquid.
You feel weakened.
You feel dopey.
You feel clumsy.
Unknown command.
It was a potion of curing.
You feel better.
Derval's ghost points at you and mumbles some strange words.
The magic dart hits you!
* * * LOW HITPOINT WARNING * * *
You regained 4 hp, and now have 8/39 hp.
Unknown command.
It was a potion of brilliance.
You feel clever all of a sudden.
Derval's ghost hits you but does no damage.
You feel less exhausted.
You are feeling hungry.
Derval's ghost points at you and mumbles some strange words.
The magic dart hits you!
* * * LOW HITPOINT WARNING * * *
You take 7 damage, and have 3/39 hp.
Unknown command.
You feel the effects of Trog's Hand fading.
Derval's ghost gestures at you while chanting.
The magic dart hits you!
* * * LOW HITPOINT WARNING * * *
You take 3 damage, and have 1/39 hp.
You regained 2 hp, and now have 3/39 hp.
Unknown command.
Your skin stops crawling.
You feel less resistant to hostile enchantments.
A red film seems to cover your vision as you go berserk!
You feel yourself moving faster!
You feel mighty!
You are feeling very hungry.
You now have 9/58 hp.
You feel a strong urge to attack something.
You closely miss derval's ghost. Derval's ghost stares at you.
Derval's ghost hits you!
* * * LOW HITPOINT WARNING * * *
You take 7 damage, and have 3/58 hp.
You barely miss derval's ghost.
Derval's ghost hits you but does no damage.
You barely miss derval's ghost. You miss derval's ghost.
Derval's ghost barely misses you.
You hit derval's ghost.
Derval's ghost points at you and mumbles some strange words.
The magic dart hits you!
You die...

## ..#
########...###
#...W.........
#.######...##.
#.# .!... #.#
###.
##..##W######.#.
........@.......#
####........#..##
#########.# #


You could see derval's ghost.

Vanquished Creatures
  Jessica (D:3)
  3 adders
  An ooze (D:2)
  A dart slug (D:2)
  3 orcs (D:3)
  2 ball pythons
  3 giant cockroaches
  4 goblins
  2 hobgoblins (D:2)
  4 jackals
  2 quokkas
  4 bats
  A frilled lizard (D:3)
  5 kobolds
  2 rats (D:2)
38 creatures vanquished.

Notes
Turn   | Place    | Note
-------+----------+-------------------------------------------
     0 | D:1      | Gorglomux the Hill Orc Berserker began the quest for the Orb.
     0 | D:1      | Reached XP level 1. HP: 19/19 MP: 1/1
   145 | D:1      | You fall through a shaft!
   167 | D:2      | Reached XP level 2. HP: 24/26 MP: 2/2
   192 | D:2      | Reached skill level 5 in Axes
   209 | D:2      | HP: 6/26 [poisoned by an adder]
   434 | D:2      | Reached XP level 3. HP: 25/31 MP: 3/3
   849 | D:2      | Reached skill level 6 in Axes
   909 | D:2      | Reached ** piety under Trog
  1250 | D:3      | Reached XP level 4. HP: 37/39 MP: 4/4
  1348 | D:3      | Noticed Jessica
  1354 | D:3      | Killed Jessica
  1483 | D:3      | Reached skill level 7 in Axes
  1498 | D:3      | HP: 9/39 [iguana (11)]
  1500 | D:3      | You fall through a shaft!
  1512 | D:4      | Noticed derval's ghost (amateur DECj)
  1513 | D:4      | HP: 9/39 [derval's ghost/magic dart (3)]
  1514 | D:4      | HP: 1/39 [derval's ghost/magic dart (9)]
  1520 | D:4      | HP: 3/39 [derval's ghost/magic dart (8)]
  1522 | D:4      | HP: 1/39 [derval's ghost/magic dart (4)]
  1531 | D:4      | HP: 3/58 [derval's ghost (7)]
  1535 | D:4      | Killed from afar by derval's ghost

Vault maps used:
D:1:      minmay_arrival_up_and_down
D:2:      first_bread, minivault_26
D:3:      cheibrodos_old_hovel, uniq_jessica
D:4:      nicolae_ru_path_of_blood, uniq_menkaure

Skill      XL: |  1  2  3  4 |
---------------+-------------+-----
Axes           | 5 6 7 |  7.0
Fighting       | |  3.6
Armour         | |  2.1
Dodging        | |  1.5

Action                   |  1- 3 |  4- 6 || total
-------------------------+-------+-------++-------
Melee: Hand axe          |   102 |    30 ||   132
Invok: Berserk           |     3 |     3 ||     6
       Trog's Hand       |       |     1 ||     1
  Use: Potion            |       |     4 ||     4
  Eat: Chunk             |     4 |     3 ||     7
Armor: Leather armour    |    37 |     6 ||    43
       Animal skin       |     3 |       ||     3
Dodge: Dodged            |    70 |    12 ||    82
Block: Other             |     2 |     3 ||     5
       Reflection        |       |     1 ||     1

Vault maps used:
D:1:      minmay_arrival_up_and_down
D:2:      first_bread, minivault_26
D:3:      cheibrodos_old_hovel, uniq_jessica
D:4:      nicolae_ru_path_of_blood, uniq_menkaure

Table legend:
 A = Turns spent in this place as a percentage of turns spent in the entire game.
 B = Non-inter-level travel turns spent in this place as a percentage of non-inter-level travel turns spent in the entire game.
 C = Inter-level travel turns spent in this place as a percentage of turns spent in this place.
 D = Turns resting spent in this place as a percentage of non-inter-level travel turns spent in this place.
 E = Turns spent auto-exploring this place as a percentage of non-inter-level travel turns spent in this place.
 F = Non-inter-level travel turns spent in this place divided by the number of levels of this place that you've seen.
                   A       B       C       D       E      F
               +-------+-------+-------+-------+-------+----------------------
         Total | 100.0 | 100.0 |   0.1 |   4.0 |   8.2 | 183.0
       Dungeon | 100.0 | 100.0 |   0.1 |   4.0 |   8.2 | 183.0
               +-------+-------+-------+-------+-------+----------------------

Table legend:
 A = Kills in this place as a percentage of kills in entire the game.
 B = Kills by you in this place as a percentage of kills by you in the entire game.
 C = Kills by friends in this place as a percentage of kills by friends in the entire game.
 D = Other kills in this place as a percentage of other kills in the entire game.
 E = Experience gained in this place as a percentage of experience gained in the entire game.
 F = Experience gained in this place divided by the number of levels of this place that you have seen.
                   A       B       C       D       E      F
               +-------+-------+-------+-------+-------+----------------------
         Total | 100.0 | 100.0 |  -nan |  -nan | 100.0 |  36.5
       Dungeon | 100.0 | 100.0 |  -nan |  -nan | 100.0 |  36.5
               +-------+-------+-------+-------+-------+----------------------
